 Dungeon Crawl Stone Soup version 0.26.1-11-gd32895ea62 (webtiles) character file.

Game seed: 4549279415272847441

758 infcreate the Sneak (level 7, 40/40 HPs)
             Began as a Vampire Necromancer on June 11, 2021.
             Quit the game on level 4 of the Dungeon.
             The game lasted 00:15:48 (5081 turns).

infcreate the Sneak (Vampire Necromancer)           Turns: 5081, Time: 00:15:48

Health: 40/40      AC:  3    Str:  7    XL:     7   Next: 50%
Magic:  12/12      EV: 14    Int: 17    God:
Gold:   252        SH:  0    Dex: 17    Spells: 4/13 levels left

rFire    . . .     SeeInvis +   d - +3 dagger (elec)
rCold    + + .     Faith    .   (no shield)
rNeg     + + +     Spirit   .   a - +1 robe
rPois    ∞         Reflect  .   (no helmet)
rElec    .         Harm     .   (no cloak)
rCorr    .         Rampage  .   (no gloves)
Will     .....                  (no boots)
Stlth    +++++.....             j - amulet of magic regeneration
HPRegen  0.13/turn              (no ring)
MPRegen  0.38/turn              (no ring)

@: bloodless
A: fangs 3, see invisible, unbreathing
a: Bat Form, Revivify


You were on level 4 of the Dungeon.
You visited 1 branch of the dungeon, and saw 4 of its levels.

You collected 252 gold pieces.


Innate Abilities, Weirdness & Mutations

You do not regenerate when monsters are visible.
You are frail without blood (-20% HP).
You can heal yourself when you bite living creatures.
You are immune to poison.
You have razor-sharp teeth.
You have supernaturally acute eyesight. (SInv)
You can survive without breathing.


   Skills:
 + Level 2.8 Fighting
 + Level 3.5 Short Blades
 + Level 4.2 Dodging
 + Level 6.0 Stealth
 + Level 3.7 Spellcasting
 + Level 5.7 Necromancy


You had 4 spell levels left.
You knew the following spells:

 Your Spells              Type           Power        Failure   Level
a - Animate Skeleton      Necr           44%          1%          1
d - Animate Dead          Necr           11%          16%         4
p - Pain                  Necr           88%          1%          1
v - Vampiric Draining     Necr           11%          4%          3

Your spell library contained the following spells:

 Spells                   Type           Power        Failure   Level
 Corona                   Hex            3%           16%         1
 Ensorcelled Hibernation  Hex/Ice        6%           24%         2
 Confusing Touch          Hex            3%           43%         3
 Dazzling Flash           Conj/Hex       6%           43%         3
 Tukima's Dance           Hex            3%           43%         3
 Agony                    Necr           22%          41%         5

Inventory:

Hand Weapons
 d - a +3 dagger of electrocution (weapon)
Armour
 a - a +1 robe (worn)
 k - a +2 robe of cold resistance
Jewellery
 j - an amulet of magic regeneration (around neck)
Scrolls
 f - 2 scrolls of fog
Potions
 b - a potion of brilliance {unknown}
 c - a potion of flight {unknown}
 e - a potion of lignification {unknown}
 g - a potion of might {unknown}
 h - 2 potions of attraction {unknown}
 i - 2 potions of curing {unknown}
 l - a potion of magic {unknown}
 m - a potion of heal wounds {unknown}
 n - a potion of experience {unknown}

Dungeon Overview and Level Annotations

Branches:
Dungeon (4/15)
 Temple: D:4-7

Altars:
Elyvilon

Annotations:
D:3 1 runed translucent door, infcreate's ghost, amateur GrFi

###########################
..............)...........#
#######.............#####.#
#...........###.#.#####.#
###.###...##..##........#.#
#.....#...##..##..#.###.#.#
#.....#.).##..##@.#.......#
..........##..##..#..##.###
#?....#.#.##..##..#.....# ###
#.....#.#.##.†.......##.## #..
....###(#.###.##..#..#...## #.#
#####
#.#.###.##).#...###.#####.#
#####...............# #...o...#
#...............##..###.#####..
#.########.###.......)[######W#


There were no monsters in sight!


Message History

Aiming: Vampiric Draining (dangerous; 4% risk of failure)
Press: ? - help, Shift-Dir - straight line, f/p - orc wizard
Aim: an orc wizard, wielding a +0 dagger and wearing a +0 leather armour (heavily wounded, fast)
You kill the orc wizard!
You feel life coursing into your body.
Your Stealth skill increases to level 6!
n - an orange potion;
f - 2 scrolls of fog (gained 1)
Things that are here:
a +0 dagger; a +0 leather armour; an orc corpse Your magical contamination has completely faded away.
Things that are here:
a +0 dagger; a +0 robe You start resting.
Magic restored.
HP restored.
A worker ant comes into view.
The worker ant misses you.
The worker ant writhes in agony.
The worker ant misses you.
The worker ant writhes in agony.
The worker ant misses you.
You hit the worker ant but do no damage.
The worker ant is heavily wounded.
The worker ant bites you but does no damage.
You hit the worker ant.
Lightning courses through the worker ant!
You kill the worker ant!
You see here a worker ant corpse.
h - 2 murky cyan potions (gained 1)
You now have 252 gold pieces (gained 16).
Found 4 curare-tipped darts.
Are you sure you want to abandon this character and quit the game? (Confirm with "yes".)

Skill      XL: |  1  2  3  4  5  6  7 |
---------------+----------------------+-----
Short Blades   | 1 2 3 |  3.5
Fighting       | 1 2 |  2.8
Stealth        | 4 5 6 |  6.0
Dodging        | 3 4 |  4.2
Necromancy     | 5 |  5.7
Spellcasting   | 3 |  3.7

Action                   |  1- 3 |  4- 6 |  7- 9 || total
-------------------------+-------+-------+-------++-------
Melee: Unarmed           |     1 |       |       ||     1
       Dagger            |    29 |    21 |    24 ||    74
       Bite              |     3 |       |     1 ||     4
 Cast: Pain              |    68 |    57 |    17 ||   142
       Vampiric Draining |       |     2 |     3 ||     5
 Abil: Exsanguinate      |     1 |       |       ||     1
  Use: Scroll            |     5 |     2 |       ||     7
 Stab: Sleeping          |     2 |     7 |       ||     9
Armor: Robe              |     5 |     2 |     4 ||    11
Dodge: Dodged            |    24 |    31 |    19 ||    74

Levels and vault maps discovered:
D:1:      minmay_arrival_four_houses, layout_basic, serial_glass,
          glass_columns_c, glass_columns_c, minmay_strange_pillars,
          due_unseen_surprise
D:2:      layout_rooms, elyvilon_altar_3
D:3:      layout_basic, ebering_ghost_reflecting_pool, uniq_natasha
D:4:      layout_loops_ring, minitemple, minmay_bent, uniq_menkaure

Notes
Turn   | Place    | Note
-------+----------+-------------------------------------------
     0 | D:1      | infcreate the Vampire Necromancer began the quest for the
                  | Orb.
     0 | D:1      | Reached XP level 1. HP: 13/13 MP: 3/3
   160 | D:1      | Reached XP level 2. HP: 15/15 MP: 0/5
   211 | D:1      | HP: 1/15 [goblin/+2 dagger of electrocution (13)]
   911 | D:1      | Reached skill level 1 in Short Blades
  1174 | D:1      | Reached XP level 3. HP: 20/20 MP: 4/6
  1614 | D:1      | Learned a level 1 spell: Animate Skeleton
  1618 | D:1      | Learned a level 3 spell: Vampiric Draining
  1624 | D:2      | Reached skill level 1 in Fighting
  2007 | D:2      | Reached XP level 4. HP: 25/25 MP: 2/7
  2291 | D:2      | Found a white marble altar of Elyvilon.
  2300 | D:2      | Reached skill level 4 in Stealth
  2598 | D:3      | Found a runed translucent door.
  2609 | D:3      | Noticed infcreate's ghost (amateur GrFi)
  2622 | D:3      | Noticed Natasha
  2998 | D:4      | Noticed Menkaure
  3075 | D:3      | Killed Natasha
  3076 | D:3      | Reached skill level 3 in Dodging
  3076 | D:3      | Reached XP level 5. HP: 16/29 MP: 2/9
  3308 | D:3      | Noticed Natasha
  3319 | D:3      | Killed Natasha
  3320 | D:3      | Reached skill level 2 in Short Blades
  3780 | D:3      | Noticed Natasha
  3790 | D:3      | Killed Natasha
  3791 | D:3      | Reached skill level 5 in Necromancy
  4022 | D:4      | Reached skill level 2 in Fighting
  4022 | D:4      | Reached skill level 3 in Spellcasting
  4022 | D:4      | Reached XP level 6. HP: 23/35 MP: 3/10
  4168 | D:4      | Learned a level 4 spell: Animate Dead
  4338 | D:4      | Reached skill level 5 in Stealth
  4649 | D:4      | Killed Menkaure
  4650 | D:4      | Reached skill level 3 in Short Blades
  4650 | D:4      | Reached XP level 7. HP: 40/40 MP: 10/12
  4769 | D:4      | Reached skill level 4 in Dodging
  4879 | D:4      | Reached skill level 6 in Stealth
  5081 | D:4      | Quit the game

Vanquished Creatures
  Menkaure (D:4)
  A phantom (D:4)
  A scorpion (D:4)
  A centaur zombie (D:2)
  A centaur skeleton (D:4)
  2 hounds (D:4)
  A worker ant (D:4)
  Natasha (thrice) (D:3)
  5 orc wizards (D:4)
  A hound skeleton (D:4)
  3 gnolls (D:2)
  2 adders (D:4)
  2 oozes
  2 worms (D:4)
  3 dart slugs
  2 leopard geckos (D:4)
  4 orcs (D:4)
  2 ball pythons
  7 bats
  2 giant cockroaches
  7 goblins
  7 hobgoblins
  4 jackals (D:2)
  2 frilled lizards
  5 kobolds
  4 rats
75 creatures vanquished.

Table legend: (Time is in decaauts)
 A = Elapsed time spent in this place.
 B = Non-inter-level travel time spent in this place.
 C = Inter-level travel time spent in this place.
 D = Time resting spent in this place.
 E = Time spent auto-exploring this place.
 F = Levels seen in this place.
 G = Mean time per level.
                   A        B        C        D        E       F      G
               +--------+--------+--------+--------+--------+-----+--------+
         Total |   5077 |   4015 |   1062 |   2009 |      0 |   4 | 1269.2 |
       Dungeon |   5077 |   4015 |   1062 |   2009 |      0 |   4 | 1269.2 |
               +--------+--------+--------+--------+--------+-----+--------+

Top non-repeatable levels by time:
     D:3: 1725 daAuts
     D:1: 1578 daAuts
     D:2: 927 daAuts
     D:4: 846 daAuts

Table legend:
 A = Non-vault XP
 B = Vault XP
 C = Vault XP percentage of total XP
 D = Non-vault monster count
 E = Vault monster count
 F = Vault count percentage of total count
                 A         B        C        D         E       F
            +---------+---------+-------+---------+---------+-------
      Total |     800 |     283 |  26.1 |      69 |       6 |   8.0
            +---------+---------+-------+---------+---------+-------
        D:1 |      47 |       0 |   0.0 |      24 |       0 |   0.0
        D:2 |     117 |       0 |   0.0 |      18 |       0 |   0.0
        D:3 |      83 |      35 |  29.7 |       8 |       1 |  11.1
        D:4 |     553 |     248 |  31.0 |      19 |       5 |  20.8
            +---------+---------+-------+---------+---------+-------
